 Dungeon Crawl Stone Soup version 0.31-a0-1300-gb6740aa4e6 (webtiles) character file.

Game seed: 16172726385802483423

200 jlumianski the Ruffian (level 5, 0/41 HPs)
             Began as a Gnoll Shapeshifter on Dec 19, 2023.
             Slain by a hobgoblin (3 damage)
             ... on level 3 of the Dungeon.
             The game lasted 00:10:37 (2365 turns).

jlumianski the Ruffian (Gnoll Shapeshifter)         Turns: 2365, Time: 00:10:38

Health: 0/41       AC: 10    Str: 15    XL:     5   Next: 78%
Magic:  7/7        EV:  5    Int: 10    God:
Gold:   130        SH:  0    Dex: 11    Spells: 7/7 levels left

rFire   . .          .
                       - Unarmed
rCold   . . .        (no shield)
rNeg    . . .        n - +0 plate armour
rPois   +            (helmet currently unavailable)
rElec   .            (cloak currently unavailable)
rCorr   .            (gloves currently unavailable)
SInv    .            (boots currently unavailable)
Will    +....        (no amulet) Stlth
                     m - ring of willpower
HPRegen 0.26/turn    t - ring of poison resistance
MPRegen 0.10/turn

%: no passive effects
@: beast-form
A: beast (slay +3), fangs 1, strong nose, distributed training
a: Begin Untransformation


You were on level 3 of the Dungeon.
You were a hulking beast.
You visited 1 branch of the dungeon, and saw 4 of its levels.

You collected 130 gold pieces.

Inventory:

Hand Weapons
 h - a +2 vampiric short sword
 o - a +1 dagger of venom
Missiles
 w - 5 poisoned darts (quivered)
Armour
 a - a +0 animal skin
 n - a +0 plate armour (worn)
 s - a +0 pair of boots
Jewellery
 m - a ring of willpower (left hand)
 t - a ring of poison resistance (right hand)
Talismans
 c - a beast talisman
 d - a flux talisman
Scrolls
 e - a scroll of blinking {unknown}
 f - a scroll of immolation {unknown}
 g - 3 scrolls of revelation {unknown}
 i - a scroll of enchant armour {unknown}
 k - a scroll of amnesia {unknown}
 v - a scroll of noise {unknown}
 x - a scroll of teleportation {unknown}
 y - a scroll of fog {unknown}
Potions
 b - a potion of lignification
 j - a potion of enlightenment
 l - a potion of attraction
 p - a potion of haste
 q - a potion of curing
 r - a potion of cancellation
 u - a potion of mutation


   Skills:
 + Level 3.1 Fighting
 + Level 1.6 Short Blades
 + Level 1.6 Long Blades
 + Level 1.6 Axes
 + Level 1.6 Maces & Flails
 + Level 1.6 Polearms
 + Level 1.6 Staves
 + Level 1.6 Ranged Weapons
 + Level 1.6 Throwing
 + Level 1.6 Armour
 + Level 4.8 Dodging
 + Level 1.6 Stealth
 + Level 1.6 Shields
 + Level 6.7 Unarmed Combat
 + Level 1.6 Spellcasting
 + Level 1.3 Conjurations
 + Level 1.3 Hexes
 + Level 1.3 Summonings
 + Level 1.3 Necromancy
 + Level 1.3 Translocations
 + Level 1.3 Transmutations
 + Level 1.3 Fire Magic
 + Level 1.3 Ice Magic
 + Level 1.3 Air Magic
 + Level 1.3 Earth Magic
 + Level 1.3 Poison Magic
 + Level 1.9 Invocations
 + Level 1.6 Evocations
 + Level 6.7 Shapeshifting


You had 7 spell levels left.
You didn't know any spells.
Your spell library contained the following spells:

 Spells                   Type           Power      Damage    Failure   Level
 Scorch                   Fire           6%         2d5       100%        2
 Flame Wave               Conj/Fire      3%         2d5       100%        4
 Summon Cactus Giant      Summ           1%         N/A       100%        6


Dungeon Overview and Level Annotations

Branches:
Dungeon (4/15)
 Temple: D:4-7

Altars:


Innate Abilities, Weirdness & Mutations

You are a hulking beast.
Your limbs bulge with bestial killing power. (Slay +3)
You have very sharp teeth.
Your uncanny sense of smell can sniff out nearby items.
Your experience applies equally to all skills.


Message History

The orc priest calls down the wrath of Beogh upon you.
Beogh smites you!
* * * LOW HITPOINT WARNING * * *
The orc wizard casts a spell.
The orc wizard flickers and vanishes!
Deactivating autopickup; reactivate with Ctrl-A.
Okay, then.
You punch the orc priest!
You kill the orc priest!
You hear some strange, mumbled words.
Something tries to affect you, but you resist.
Your Fighting skill increases to level 3!
You punch the gnoll! You bite the gnoll, but do no damage.
The gnoll is severely wounded.
The gnoll hits you but does no damage.
You hit the gnoll but do no damage. You bite the gnoll.
The gnoll is severely wounded.
The gnoll barely misses you.
You closely miss the gnoll. You punch the gnoll.
The gnoll is almost dead.
The gnoll hits you but does no damage.
You punch the gnoll!
You kill the gnoll!
The hobgoblin barely misses you. Something hits you but does no damage.
Items here: )) [ †.
You punch something! Your bite misses something.
You hear some strange, mumbled words.
A puff of flame appears from out of thin air!
The puff of flame hits you.
* * * LOW HITPOINT WARNING * * *
The hobgoblin barely misses you.
You punch something!
Reactivating autopickup.
You feel a bit more experienced. The hobgoblin hits you.
* * * LOW HITPOINT WARNING * * *
You hit the hobgoblin.
The hobgoblin is almost dead.
The hobgoblin hits you.
You die...

#. ##>#.#..........
###.#######.#....#..#####
.............##.###.# #
##..#...###..##..#..# #
##. #...###..##.....# #
....#.....#..####...#####
#..........# #........
#####..##.##.# #...#####
.......gh)...# #(..#####
.#####.##>#######........
... #.# .............
..##. ... .............
## #.##.#.........<....
.. #.##.####..)##### #.
..# .# #........ #. ### #
#...##### #...#


You could see a hobgoblin.

Vanquished Creatures
  An orc priest (D:3)
  2 orc wizards
  3 gnolls (D:3)
  An adder (D:2)
  A worm (D:3)
  2 dart slugs (D:2)
  4 orcs
  3 ball pythons (D:1)
  9 bats
  6 endoplasms
  5 giant cockroaches (D:1)
  4 goblins
  8 hobgoblins
  5 jackals
  4 quokkas
  A frilled lizard (D:2)
  9 kobolds
  5 rats
73 creatures vanquished.

Notes
Turn   | Place    | Note
-------+----------+-------------------------------------------
     0 | D:1      | jlumianski the Gnoll Shapeshifter began the quest for the
                  | Orb.
     0 | D:1      | Reached XP level 1. HP: 17/17 MP: 1/1
   190 | D:1      | Reached XP level 2. HP: 23/23 MP: 2/2
   589 | D:1      | Reached XP level 3. HP: 27/28 MP: 3/3
   650 | D:2      | Found a faded altar of an unknown god.
   915 | D:1      | Reached skill level 1 in Invocations
  1202 | D:3      | Reached skill level 1 in Short Blades
  1202 | D:3      | Reached skill level 1 in Long Blades
  1202 | D:3      | Reached skill level 1 in Axes
  1202 | D:3      | Reached skill level 1 in Maces & Flails
  1202 | D:3      | Reached skill level 1 in Polearms
  1202 | D:3      | Reached skill level 1 in Staves
  1202 | D:3      | Reached skill level 1 in Ranged Weapons
  1202 | D:3      | Reached skill level 1 in Throwing
  1202 | D:3      | Reached skill level 1 in Armour
  1202 | D:3      | Reached skill level 1 in Stealth
  1202 | D:3      | Reached skill level 1 in Shields
  1202 | D:3      | Reached skill level 1 in Spellcasting
  1202 | D:3      | Reached skill level 1 in Evocations
  1289 | D:2      | Reached XP level 4. HP: 20/34 MP: 5/5
  1350 | D:2      | Reached skill level 1 in Conjurations
  1350 | D:2      | Reached skill level 1 in Hexes
  1350 | D:2      | Reached skill level 1 in Summonings
  1350 | D:2      | Reached skill level 1 in Necromancy
  1350 | D:2      | Reached skill level 1 in Translocations
  1350 | D:2      | Reached skill level 1 in Transmutations
  1350 | D:2      | Reached skill level 1 in Fire Magic
  1350 | D:2      | Reached skill level 1 in Ice Magic
  1350 | D:2      | Reached skill level 1 in Air Magic
  1350 | D:2      | Reached skill level 1 in Earth Magic
  1350 | D:2      | Reached skill level 1 in Poison Magic
  1880 | D:2      | Reached XP level 5. HP: 40/40 MP: 5/7
  2365 | D:3      | Slain by a hobgoblin

Illustrated notes

Levels and vault maps discovered:
D:1:      sevenhm_arrival_forest_fort_large_1, layout_loops_corners,
          minmay_misc_feat_square, bh_walls_and_bars
D:2:      layout_loops_cross, ebering_ecumenical_altar_rust
D:3:      layout_loops_cross, chequers_serial_rivers_large_b
D:4:      layout_basic

Skill      XL: |  1  2  3  4  5 |
---------------+----------------+-----
Invocations    | 1 |  1.9
Short Blades   | 1 |  1.6
Long Blades    | 1 |  1.6
Axes           | 1 |  1.6
Maces & Flails | 1 |  1.6
Polearms       | 1 |  1.6
Staves         | 1 |  1.6
Ranged Weapons | 1 |  1.6
Throwing       | 1 |  1.6
Armour         | 1 |  1.6
Stealth        | 1 |  1.6
Shields        | 1 |  1.6
Spellcasting   | 1 |  1.6
Evocations     | 1 |  1.6
Conjurations   | 1 |  1.3
Hexes          | 1 |  1.3
Summonings     | 1 |  1.3
Necromancy     | 1 |  1.3
Translocations | 1 |  1.3
Transmutations | 1 |  1.3
Fire Magic     | 1 |  1.3
Ice Magic      | 1 |  1.3
Air Magic      | 1 |  1.3
Earth Magic    | 1 |  1.3
Poison Magic   | 1 |  1.3
Fighting       | 3 |  3.1
Dodging        | |  4.8
Unarmed Combat | |  6.7
Shapeshifting  | |  6.7

Action                     |  1- 3 |  4- 6 || total
---------------------------+-------+-------++-------
  Melee: Unarmed           |    86 |    58 ||   144
         Bite              |     7 |     5 ||    12
         Punch             |     2 |     2 ||     4
    Use: Potion            |     1 |     1 ||     2
         Scroll            |       |     4 ||     4
   Stab: Sleeping          |     2 |       ||     2
 Armour: Animal skin       |    25 |       ||    25
         Plate armour      |    24 |    55 ||    79
  Dodge: Dodged            |    52 |    13 ||    65

Table legend: (Time is in decaauts)
 A = Elapsed time spent in this place.
 B = Non-inter-level travel time spent in this place.
 C = Inter-level travel time spent in this place.
 D = Time resting spent in this place.
 E = Time spent auto-exploring this place.
 F = Levels seen in this place.
 G = Mean time per level.
                   A        B        C        D        E       F      G
               +--------+--------+--------+--------+--------+-----+--------+
         Total |   2361 |   2321 |     40 |    240 |   1025 |   4 |  590.2 |
       Dungeon |   2361 |   2321 |     40 |    240 |   1025 |   4 |  590.2 |
               +--------+--------+--------+--------+--------+-----+--------+

Top non-repeatable levels by time:
     D:1: 1047 daAuts
     D:2: 834 daAuts
     D:3: 464 daAuts
     D:4: 15 daAuts
